 Dungeon Crawl Stone Soup version 0.30.0-5-g1a98f26d00 (webtiles) character file.

Game seed: 11060011866774431951

800 McKennaii the Conjurer (level 7, -18/50 HPs)
             Began as a Demigod Conjurer on May 12, 2023.
             Demolished by an ogre
             ... wielding a +0 giant spiked club
              (28 damage)
             ... on level 5 of the Dungeon.
             The game lasted 00:06:49 (6193 turns).

McKennaii the Conjurer (Demigod Conjurer)           Turns: 6193, Time: 00:06:50

Health: -18/50     AC:  6    Str:  8    XL:     7   Next: 32%
Magic:  15/18      EV: 11    Int: 28    God:
Gold:   191        SH:  0    Dex: 12    Spells: 9/16 levels left

rFire   . . .        p - +2 dagger (protect)
rCold   + . .        (no shield)
rNeg    . . .        A - +2 leather armour {rC+}
rPois   +            n - +0 helmet
rElec   .            (no cloak)
rCorr   .            (no gloves)
SInv    .            (no boots)
Will    .....        f - amulet of magic regeneration
Stlth   ++           c - ring of poison resistance
HPRegen 0.28/turn    (no ring)
MPRegen 0.56/turn

%: no passive effects
@: no status effects
A: high MP 1, forlorn, divine attributes
a: no special abilities


You were on level 5 of the Dungeon.
You visited 1 branch of the dungeon, and saw 5 of its levels.

You collected 224 gold pieces.
You spent 33 gold pieces at shops.

Inventory:

Hand Weapons
 p - a +2 dagger of protection (weapon)
Missiles
 s - 2 throwing nets
Armour
 n - a +0 helmet (worn)
 A - a +2 leather armour of cold resistance (worn)
Jewellery
 c - a ring of poison resistance (left hand)
 f - an amulet of magic regeneration (around neck)
 o - an amulet of regeneration
 q - a ring of wizardry
Wands
 x - a wand of flame (21)
 y - a wand of paralysis (7)
Scrolls
 d - a scroll of vulnerability {unknown}
 e - 5 scrolls of identify {unknown}
 h - a scroll of blinking {unknown}
 i - 2 scrolls of noise {unknown}
 j - 2 scrolls of amnesia {unknown}
 k - a scroll of fear {unknown}
 l - 3 scrolls of teleportation {unknown}
 m - 3 scrolls of enchant weapon {unknown}
 r - a scroll of summoning {unknown}
 w - a scroll of silence {unknown}
 B - 2 scrolls of magic mapping {unknown}
Potions
 a - a potion of attraction {unknown}
 b - 3 potions of magic
 g - a potion of brilliance {unknown}
 t - a potion of degeneration
 u - 2 potions of mutation {unknown}
 v - 2 potions of flight {unknown}
 z - a potion of curing


   Skills:
 - Level 1.7 Dodging
 - Level 1.7 Stealth
 + Level 5.3 Spellcasting
 + Level 6.6 Conjurations


You had 9 spell levels left.
You knew the following spells:

 Your Spells              Type           Power      Damage    Failure   Level
a - Magic Dart            Conj           100%       1d8       1%          1
b - Searing Ray           Conj           88%        2d7       1%          2
c - Iskenderun's Mystic   Conj/Tloc      26%        2d7       24%         4

Your spell library contained the following spells:

 Spells                   Type           Power      Damage    Failure   Level
 Dazzling Flash           Conj/Hex       52%        N/A       8%          3
 Apportation              Tloc           14%        N/A       10%         1
 Slow                     Hex            28%        N/A       10%         1
 Sting                    Tmut/Pois      28%        1d4       10%         1
 Mephitic Cloud           Conj/Pois/Air  19%        N/A       12%         3
 Poisonous Vapours        Pois/Air       14%        N/A       14%         2
 Fulminant Prism          Conj/Hex       13%        3d9       24%         4
 Confusing Touch          Hex            7%         N/A       28%         3
 Swiftness                Air            7%         N/A       28%         3
 Vampiric Draining        Necr           7%         2d6       28%         3
 Olgreb's Toxic Radiance  Pois           7%         N/A       67%         4
 Freezing Cloud           Conj/Ice/Air   9%         6-21      71%         5
 Alistair's Intoxication  Tmut/Pois      4%         N/A       95%         5
 Eringya's Noxious Bog    Tmut/Pois      3%         N/A       100%        6


Dungeon Overview and Level Annotations

Branches:
Dungeon (5/15)             Temple (0/1) D:5

Shops:
D:5 **


Innate Abilities, Weirdness & Mutations

You have an increased reservoir of magic. (+10% MP)
You shall have no god before yourself.
Your divine heritage dramatically boosts your attributes as you level up.


Message History

The orc shouts!
The magic dart hits the orc!
You kill the orc!
An orc comes into view. It is wielding a +0 dagger.
The magic dart hits the orc.
The orc is moderately wounded.
The orc shouts!
The magic dart hits the orc.
You kill the orc!
Found a leather armour.
You can't see any susceptible monsters within range! (Use Z to cast anyway.)
An ogre comes into view. It is wielding a +0 giant spiked club.
The magic dart hits the ogre.
The ogre is lightly wounded.
The ogre shouts!
You start putting on your amulet.
You continue putting on your amulet of magic regeneration. x5
The ogre closely misses you.
You finish putting on your amulet of magic regeneration.
f - an amulet of magic regeneration (around neck)
The ogre attacks as you move away!
The ogre hits you with a +0 giant spiked club!!
Ouch! That really hurt!
Casting: Magic Dart (safe; 1% risk of failure)
Confirm with . or Enter, or press ? or * to list all spells.
Aiming: Searing Ray (safe; 1% risk of failure)
Press: ? - help, Shift-Dir - straight line, f/p - ogre
Aim: an ogre, wielding a +0 giant spiked club (lightly wounded, 91% to hit)
The searing ray hits the ogre.
The ogre is moderately wounded. (Press . to maintain the ray.) Unknown command.
The searing ray hits the ogre!
The ogre is heavily wounded.
The ogre hits you with a +0 giant spiked club!
* * * LOW HITPOINT WARNING * * *
The searing ray misses the ogre.
The ogre hits you with a +0 giant spiked club!!
Ouch! That really hurt!
You die...

..# ..# ..#
..#################
................#..
...############.#.#
.#.# #.#.# ##.#
#.#.#####.# #.#
#.@...[...# ##.#
###O####### ...#
#........ ####
#########


You could see an ogre.

Vanquished Creatures
  Eustachio (D:4)
  An ogre (D:5)
  2 scorpions (D:4)
  A howler monkey (D:5)
  An orc priest (D:5)
  3 iguanas
  Robin (D:2)
  12 gnolls
  3 adders
  An ufetubus (D:5)
  4 worms
  4 dart slugs
  13 orcs
  10 bats
  8 endoplasms
  2 giant cockroaches
  19 goblins
  11 hobgoblins
  9 kobolds
  5 quokkas
  7 ball pythons
  15 frilled lizards
  6 rats
139 creatures vanquished.

Notes
Turn   | Place    | Note
-------+----------+-------------------------------------------
     0 | D:1      | McKennaii the Demigod Conjurer began the quest for the Orb.
     0 | D:1      | Reached XP level 1. HP: 14/14 MP: 5/5
   276 | D:1      | Reached XP level 2. HP: 20/20 MP: 0/7
   279 | D:1      | Learned a level 2 spell: Searing Ray
   597 | D:1      | Reached skill level 4 in Conjurations
  1388 | D:2      | Reached XP level 3. HP: 26/26 MP: 5/9
  2034 | D:2      | Noticed Robin
  2079 | D:2      | Killed Robin
  2304 | D:2      | Reached XP level 4. HP: 33/33 MP: 5/11
  2437 | D:2      | Learned a level 4 spell: Iskenderun's Mystic Blast
  3632 | D:3      | Reached XP level 5. HP: 38/38 MP: 0/13
  3746 | D:3      | Reached skill level 5 in Conjurations
  4513 | D:4      | Reached XP level 6. HP: 14/45 MP: 8/15
  5182 | D:5      | Entered Level 5 of the Dungeon
  5270 | D:5      | Found Zasukk's General Store.
  5277 | D:5      | Bought a potion of curing for 33 gold pieces
  5286 | D:5      | Found a staircase to the Ecumenical Temple.
  5286 | D:5      | Noticed Eustachio
  5310 | D:4      | Killed Eustachio
  5311 | D:4      | Reached skill level 6 in Conjurations
  5311 | D:4      | Reached XP level 7. HP: 8/50 MP: 0/17
  5523 | D:5      | Reached skill level 5 in Spellcasting
  5646 | D:5      | Got the Incunable of Fulgurous Toxins
  5738 | D:5      | Found Kiobuw's Lightly-Used Armoury.
  6193 | D:5      | Demolished by an ogre

Illustrated notes

Levels and vault maps discovered:
D:1:      dpeg_arrival_boxorama, layout_basic
D:2:      layout_basic, minmay_lizard_king, uniq_robin
D:3:      layout_loops_cross, mainiacjoe_overflow_cross_hatched,
          mainiacjoe_overflow_tiny_flanked, mainiacjoe_overflow_catwalk_spiral,
          minivault_11, minmay_pentangle
D:4:      layout_basic, general_overflow_altar, cheibrodos_worm_habitat,
          serial_glass, glass_columns_a, glass_columns_c, feat_on_display,
          minmay_strange_pillars
D:5:      layout_basic, kennysheep_mini_moat, overflow_temple_1_default,
          minmay_temple_entry_arrows, serial_shops, shop, minmay_shop_damaged,
          uniq_eustachio, uniq_menkaure

Skill      XL: |  1  2  3  4  5  6  7 |
---------------+----------------------+-----
Spellcasting   | 2 3 4 5 |  5.3
Conjurations   | 4 5 6 |  6.6
Dodging        | |  1.7
Stealth        | |  1.7

Action                     |  1- 3 |  4- 6 |  7- 9 || total
---------------------------+-------+-------+-------++-------
  Melee: Unarmed           |     6 |       |       ||     6
         Dagger            |       |    16 |     9 ||    25
   Cast: Magic Dart        |   114 |   148 |    33 ||   295
         Searing Ray       |     1 |    10 |     5 ||    16
  Evoke: Wand              |       |     2 |     2 ||     4
    Use: Potion            |       |     3 |       ||     3
 Armour: Robe              |     4 |    11 |       ||    15
         Skin              |       |     4 |       ||     4
         Leather armour    |       |       |     4 ||     4
  Dodge: Dodged            |    20 |    34 |    16 ||    70
